 Dungeon Crawl Stone Soup version 0.28-a0-1184-g53156a8862 (webtiles) character file.

Game seed: 4935356778429191797

2638 lonewolfV2 the Protected (level 9, -2/112 HPs)
             Began as a Minotaur Fighter on Dec 17, 2021.
             Slain by a yak (9 damage)
             ... on level 7 of the Dungeon.
             The game lasted 00:10:18 (8757 turns).

lonewolfV2 the Protected (Minotaur Fighter)         Turns: 8757, Time: 00:10:19

Health: -2/112     AC:  8    Str: 25    XL:     9   Next: 35%
Magic:  8/8        EV: 11    Int:  5    God:
Gold:   331        SH:  6    Dex: 10    Spells: 8/8 levels left

rFire   . . .      SeeInvis .   o - +3 dagger (venom)
rCold   . . .      Faith    .   c - +1 buckler
rNeg    . . .      Spirit   .   b - +0 scale mail
rPois   +          Reflect  .   (helmet restricted)
rElec   .          Harm     .   (no cloak)
rCorr   .          Rampage  .   (no gloves)
Will    .....                   (no boots)
Stlth   ..........              (no amulet)
HPRegen 0.28/turn               n - ring of wizardry
MPRegen 0.11/turn               r - ring of poison resistance

@: mighty, berserking (expiring), very quick
A: horns 2, retaliatory headbutt
a: no special abilities


You were on level 7 of the Dungeon.
You visited 1 branch of the dungeon, and saw 7 of its levels.
You also visited: Sewer.

You collected 331 gold pieces.

Inventory:

Hand Weapons
 a - a +0 flail
 o - a +3 dagger of venom (weapon)
 u - a +2 hand axe of venom
Armour
 b - a +0 scale mail (worn)
 c - a +1 buckler (worn)
Jewellery
 n - a ring of wizardry (left hand)
 r - a ring of poison resistance (right hand)
 v - a ring of positive energy
Wands
 f - a wand of charming (8)
 w - a wand of iceblast (11)
Scrolls
 i - a scroll of identify
 k - a scroll of noise {unknown}
 l - 3 scrolls of teleportation
 p - 2 scrolls of blinking
 q - 2 scrolls of amnesia
 x - a scroll of fog
Potions
 d - 3 potions of brilliance
 e - a potion of flight
 g - 2 potions of might
 j - 3 potions of haste
 m - a potion of invisibility
 t - a potion of magic


   Skills:
 + Level 6.2 Fighting
 + Level 4.8 Short Blades
 + Level 5.7 Maces & Flails
 + Level 9.9 Armour
 + Level 4.4 Dodging
 + Level 1.0 Stealth
 + Level 7.0 Shields


You had 8 spell levels left.
You didn't know any spells.
Your spell library was empty.

Dungeon Overview and Level Annotations

Branches:
Dungeon (7/15)              Sewer (visited)
 Temple: D:4-7

Altars:
Cheibriados


Innate Abilities, Weirdness & Mutations

You have a pair of horns on your head.
You reflexively headbutt those who attack you in melee.


Message History

A red film seems to cover your vision as you go berserk!
You feel yourself moving faster!
You feel mighty! The yak completely misses you. The yak gores you!
You hit the yak.
The yak is poisoned.
You headbutt the yak!!
The yak is severely wounded.
The yak gores you!
* * * LOW HITPOINT WARNING * * *
You closely miss the yak.
The yak is severely wounded.
You block the yak's attack. The yak gores you.
* * * LOW HITPOINT WARNING * * *
You block the yak's attack.
You hit the yak. Your headbutt misses the yak.
The yak is severely wounded.
The yak gores you!
* * * LOW HITPOINT WARNING * * *
You puncture the yak!
You kill the yak!
You block the yak's attack. The yak barely misses you. You furiously retaliate!
You headbutt the yak!! The yak barely misses you. x2
You completely miss the yak. You headbutt the yak!
The yak is almost dead.
The yak barely misses you. You block the yak's attack.
You barely miss the yak. Your headbutt misses the yak.
The yak is almost dead.
The yak gores you.
* * * LOW HITPOINT WARNING * * *
You puncture the yak!
You kill the yak!
The yak gores you.
* * * LOW HITPOINT WARNING * * *
Your Shields skill increases to level 7!
You hit the yak.
The yak is poisoned.
You headbutt the yak!
The yak is heavily wounded.
You block the yak's attack.
You puncture the yak!
The yak looks as sick as possible!
You headbutt the yak!
You kill the yak!
The yak gores you!
You die...

#.. ..## #
##..#....
.. #....$..
...#......
.......##
......##
###.....##
##...@..(.#
#....Y†.###
###<..###
#...# ##.##
#.. ....
#[.Y..
.......


You could see a yak.

Vanquished Creatures
  A troll (D:5)
  4 yaks (D:7)
  An acid dragon (D:6)
  2 water moccasins (D:6)
  2 black bears (D:5)
  2 sky beasts
  5 kobold brigands (Sewer)
  Blork the orc (D:4)
  A bullfrog (D:6)
  2 scorpions
  A howler monkey (D:4)
  2 bullfrog zombies
  2 centaur zombies
  2 hounds
  2 jellies
  An orc priest (D:4)
  4 iguanas
  A hound skeleton (D:4)
  A howler monkey zombie (D:4)
  Robin (D:2)
  A howler monkey skeleton (D:6)
  10 adders
  A gnoll (D:4)
  A river rat (Sewer)
  7 worms
  10 dart slugs
  9 orcs
  10 endoplasms
  6 giant cockroaches
  17 goblins
  8 hobgoblins
  4 jackals (D:1)
  5 quokkas
  6 ball pythons
  4 bats
  6 frilled lizards
  19 kobolds
  28 rats
190 creatures vanquished.

Vanquished Creatures (others)
  2 plants (D:2)
2 creatures vanquished.

Grand Total: 192 creatures vanquished

Notes
Turn   | Place    | Note
-------+----------+-------------------------------------------
     0 | D:1      | lonewolfV2 the Minotaur Fighter began the quest for the
                  | Orb.
     0 | D:1      | Reached XP level 1. HP: 19/19 MP: 0/0
   313 | D:1      | Reached XP level 2. HP: 27/27 MP: 1/1
   333 | D:1      | Reached skill level 4 in Armour
   767 | D:1      | Reached XP level 3. HP: 33/33 MP: 2/2
  1400 | D:2      | Found a snail-covered altar of Cheibriados.
  1727 | D:2      | Noticed Robin
  1744 | D:2      | Killed Robin
  1745 | D:2      | Reached XP level 4. HP: 25/41 MP: 3/3
  2003 | D:2      | Found a faded altar of an unknown god.
  2569 | D:3      | Found a glowing drain.
  2593 | Sewer    | Entered a sewer
  2637 | Sewer    | Noticed a kobold brigand
  2645 | Sewer    | Killed a kobold brigand
  2646 | Sewer    | Reached skill level 1 in Dodging
  2646 | Sewer    | Reached XP level 5. HP: 22/47 MP: 4/4
  3030 | Sewer    | Reached skill level 5 in Armour
  3038 | Sewer    | Reached skill level 5 in Maces & Flails
  3038 | Sewer    | Reached XP level 6. HP: 15/53 MP: 5/5
  3607 | Sewer    | Reached skill level 5 in Shields
  3957 | D:3      | Reached XP level 7. HP: 60/60 MP: 6/6
  4310 | D:4      | Noticed Blork the orc
  4321 | D:4      | Killed Blork the orc
  4330 | D:4      | Reached skill level 6 in Armour
  4626 | D:4      | Reached skill level 5 in Fighting
  4626 | D:4      | Reached skill level 1 in Short Blades
  5753 | D:5      | Entered Level 5 of the Dungeon
  6176 | D:5      | Reached XP level 8. HP: 62/68 MP: 7/7
  6352 | D:5      | Reached skill level 7 in Armour
  6624 | D:5      | Noticed a troll
  6633 | D:5      | Killed a troll
  7056 | D:6      | Reached skill level 8 in Armour
  7927 | D:6      | Reached XP level 9. HP: 73/75 MP: 8/8
  7931 | D:6      | Reached skill level 9 in Armour
  8509 | D:6      | Identified the +0 chain mail of Wyrchiutre {rC+ Str+3
                  | Stlth+}
  8743 | D:7      | Reached skill level 1 in Stealth
  8757 | D:7      | Slain by a yak

Illustrated notes

Levels and vault maps discovered:
D:1:      dpeg_arrival_boxes_within_box, layout_basic,
          chequers_serial_rivers_small_3, serial_bayou_pond_a,
          minmay_misc_feat_doors, grunt_decor_junction, corexii_hall_statues_s
D:2:      layout_loops_ring, basic_altar, shapermc_ecumenical_altar_flowoftime,
          uniq_robin
D:3:      layout_basic, cheibrodos_sewer_entry_bend
D:4:      layout_loops_corners, serial_bayou_pond_a, minmay_surrounded,
          uniq_blork_the_orc
D:5:      layout_loops_ring, hangedman_decor_riveting, grunt_tough_drop
D:6:      layout_loops_ring
D:7:      layout_cave_pools, ashenzari_conservatory_becter,
          minmay_temple_entry_antechambers

Skill      XL: |  1  2  3  4  5  6  7  8  9 |
---------------+----------------------------+-----
Armour         | 4 5 6 8 9 |  9.9
Fighting       | 4 5 6 |  6.2
Shields        | 4 5 6 7 |  7.0
Maces & Flails | 3 4 5 |  5.7
Dodging        | 1 2 3 4 |  4.4
Short Blades   | 2 4 |  4.8
Stealth        | 1 |  1.0

Action                   |  1- 3 |  4- 6 |  7- 9 || total
-------------------------+-------+-------+-------++-------
Melee: Flail             |   108 |   131 |     8 ||   247
       Headbutt          |    14 |    19 |    59 ||    92
       Dagger            |       |       |   255 ||   255
  Use: Scroll            |     6 |     1 |     6 ||    13
       Potion            |       |     8 |     4 ||    12
Armor: Scale mail        |    59 |    64 |    80 ||   203
Dodge: Dodged            |    60 |   119 |   104 ||   283
Block: Buckler           |    25 |    56 |    70 ||   151

Table legend: (Time is in decaauts)
 A = Elapsed time spent in this place.
 B = Non-inter-level travel time spent in this place.
 C = Inter-level travel time spent in this place.
 D = Time resting spent in this place.
 E = Time spent auto-exploring this place.
 F = Levels seen in this place.
 G = Mean time per level.
                   A        B        C        D        E       F      G
               +--------+--------+--------+--------+--------+-----+--------+
         Total |   8799 |   8640 |    159 |   1525 |   5596 |   8 | 1099.9 |
       Dungeon |   7533 |   7374 |    159 |    912 |   5265 |   7 | 1076.1 |
         Sewer |   1266 |   1266 |      0 |    613 |    331 |   1 | 1266.0 |
               +--------+--------+--------+--------+--------+-----+--------+

Top non-repeatable levels by time:
     D:6: 1682 daAuts
     D:4: 1531 daAuts
     D:5: 1268 daAuts
   Sewer: 1266 daAuts
     D:1: 1130 daAuts
     D:2: 1125 daAuts
     D:3: 774 daAuts
     D:7: 20 daAuts
